 Dungeon Crawl Stone Soup version 0.17-a0-995-gb5fa8d7 (webtiles) character file.

70 oplop the Gusty (level 4, -2/25 HPs)
             Began as a Tengu Air Elementalist on May 12, 2015.
             Slain by a jackal (3 damage)
             ... on level 2 of the Dungeon.
             The game lasted 00:03:23 (1478 turns).

oplop the Gusty (Tengu Air Elementalist)            Turns: 1478, Time: 00:03:23

Health: -2/25      AC:  2    Str: 13    XL:     4   Next: 21%
Magic:  3/8        EV: 15    Int: 17    God:
Gold:   119        SH:  0    Dex: 18    Spells: 1 memorised, 7 levels left

rFire  . . .     SeeInvis .     u - +2 short sword (speed)
rCold  . . .     Clarity  .     a - +0 robe
rNeg   . . .     SustAb   .     (no shield)
rPois  .         Gourm    .     (helmet restricted)
rElec  .         Spirit   .     (no cloak)
rCorr  .         Warding  .     (no gloves)
rMut   .         Stasis   .     (boots unavailable)
MR     .....                    (no amulet)
Stlth  ++........               (no ring)
                                n - +4 ring of dexterity

@: mighty, lethally poisoned (-2 -> -4), flying quickly and evasively, very
slightly contaminated, quick, not resistant to hostile enchantments, unstealthy
A: beak, talons 3
a: no special abilities


You were on level 2 of the Dungeon.
You were hungry.

You visited 1 branch of the dungeon, and saw 2 of its levels.

You collected 119 gold pieces.

Inventory:

Hand weapons
 u - a +2 short sword of speed (weapon)
Armour
 a - a +0 robe (worn)
Jewellery
 n - a +4 ring of dexterity (left hand)
Scrolls
 d - a scroll of enchant weapon {unknown}
 e - 3 scrolls of identify {unknown}
 f - a scroll of remove curse {unknown}
 h - a scroll of amnesia {unknown}
 j - 2 scrolls of magic mapping {unknown}
 k - a scroll of fear {unknown}
 m - a scroll of fog {unknown}
 p - a scroll of recharging {unknown}
 r - a scroll of enchant armour {unknown}
 s - a scroll of teleportation {unknown}
 t - a scroll of blinking {unknown}
Potions
 g - a potion of magic
Books
 b - a book of Air

   Spells                             Type                      Level
   a - Shock                          Conjuration/Air              1
   b - Swiftness                      Charms/Air                   2
   c - Repel Missiles                 Charms/Air                   2
   d - Flight                         Charms/Air                   3
   e - Static Discharge               Conjuration/Air              3
   f - Lightning Bolt                 Conjuration/Air              5
Comestibles
 c - 2 bread rations
 o - 2 meat rations
 q - a royal jelly


   Skills:
 + Level 1.6 Fighting
 - Level 2.1 Dodging
 - Level 2.0 Stealth
 + Level 2.5 Spellcasting
 + Level 3.0 Conjurations
 + Level 4.7 Air Magic


You had 7 spell levels left.
You knew the following spells:

 Your Spells              Type           Power        Failure   Level  Hunger
a - Shock                 Conj/Air       ###.         3%          1    #......


Dungeon Overview and Level Annotations

Branches:
Dungeon (2/15)

Altars:


Innate Abilities, Weirdness & Mutations

You have a beak for a mouth.
You have claws for feet.


Message History

The jackal closely misses you.
Casting: Shock
Confirm with . or Enter, or press ? or * to list all spells.
Aiming: Shock
Press: ? - help, Shift-Dir - straight line, f - jackal
Aim: a jackal The zap hits the jackal.
The jackal is severely wounded.
The zap hits the jackal.
The jackal is moderately wounded.
The jackal closely misses you.
Casting: Shock
Confirm with . or Enter, or press ? or * to list all spells.
Aiming: Shock
Press: ? - help, Shift-Dir - straight line, f/p - jackal
Aim: a jackal (severely wounded)
You miscast Shock.
You are very lightly contaminated with residual magic.
You smell something strange.
The jackal bites you.
You die...

#.........'...#.#
#...
#.........#####.#
#... #.........#
#.# #...
#.........# #.#
#... #.........#
#.###†..
#.........#
#.......
#####'#'###
#######.
#.#.#############.
#@#[....>.......#.
#h########......#.
########h###
#......##
$.$........#
#......+.
$......†...#
#......##
......g...>#
#......#
....h......#
#......#
...........#
#......#
..g........#
#......#


You could see 2 jackals and a goblin.

Vanquished Creatures
  2 adders (D:2)
  A gnoll (D:1)
  7 goblins
  7 hobgoblins
  5 kobolds
  A quokka (D:2)
  2 ball pythons (D:2)
  5 bats
  A giant cockroach (D:2)
  A giant newt (D:2)
  4 jackals
  4 rats (D:1)
40 creatures vanquished.

Notes
Turn   | Place    | Note
--------------------------------------------------------------
     0 | D:1      | oplop the Tengu Air Elementalist began the quest for the Orb.
     0 | D:1      | Reached XP level 1. HP: 10/10 MP: 4/4
   191 | D:1      | Reached XP level 2. HP: 7/16 MP: 3/6
   365 | D:1      | Reached skill level 1 in Fighting
   544 | D:1      | Reached XP level 3. HP: 15/20 MP: 2/7
  1348 | D:2      | Reached XP level 4. HP: 18/25 MP: 8/8
  1475 | D:2      | HP: 1/25 [poisoned by an adder]
  1478 | D:2      | Slain by a jackal

Vault maps used:
D:1:      dpeg_arrival_rooms_a

Action                   |  1- 3 |  4- 6 || total
-------------------------+-------+-------++-------
Melee: Unarmed           |    25 |       ||    25
       Short sword       |     6 |     6 ||    12
 Cast: Shock             |    63 |    13 ||    76
  Use: Potion            |       |     3 ||     3
 Stab: Sleeping          |       |     1 ||     1
  Eat: Chunk             |     2 |       ||     2
